 Dungeon Crawl Stone Soup version 0.26-a0-708-g17f3b19 (webtiles) character file.

Game seed: 8109321594275859231

0 BarneyGumball the Sneak (level 1, -6/20 HPs)
             Began as a Deep Dwarf Delver on Oct 29, 2020.
             Mangled by a gnoll
             ... wielding a +0 spear
              (7 damage)
             ... on level 5 of the Dungeon.
             The game lasted 00:00:15 (17 turns).

BarneyGumball the Sneak (Deep Dwarf Delver)           Turns: 17, Time: 00:00:15

Health: -6/20      AC:  3    Str: 15    XL:     1   Next: 0%
Magic:  1/1        EV:  6    Int: 10    God:
Gold:   0          SH:  0    Dex: 14    Spells: 0/0 levels left

rFire    . . .     SeeInvis .   a - +0 hand axe
rCold    . . .     Faith    .   (no shield)
rNeg     . . .     Spirit   .   b - +0 leather armour
rPois    .         Reflect  .   (no helmet)
rElec    .         Harm     .   (no cloak)
rCorr    +         Rampage  .   (no gloves)
MR       .....                  (no boots)
Stlth    +++.......             (no amulet)
HPRegen  0.00/turn              h - ring of resist corrosion
MPRegen  0.07/turn              (no ring)

@: held, non-regenerating
A: damage resistance, heal wounds, sense surroundings 1, no regeneration
a: Heal Wounds


You were on level 5 of the Dungeon.
You visited 1 branch of the dungeon, and saw 1 of its levels.

Inventory:

Hand Weapons
 a - a +0 hand axe (weapon)
Armour
 b - a +0 leather armour (worn)
Jewellery
 h - a ring of resist corrosion (left hand)
Wands
 g - a wand of digging (3)
Scrolls
 c - a scroll of fog
 d - a scroll of magic mapping
 e - a scroll of fear
Potions
 f - a potion of haste


   Skills:
 + Level 2.6 Fighting
 + Level 2.1 Axes
 + Level 2.1 Dodging
 + Level 6.0 Stealth


You couldn't memorise any spells.
You didn't know any spells.
Your spell library was empty.

Dungeon Overview and Level Annotations

Branches:
Dungeon (5/15)
 Temple: D:4-7

Altars:

Annotations:
D:5 1 transporter


Innate Abilities, Weirdness & Mutations

You are resistant to damage.
You can heal yourself by infusing magical energy.
You passively map a small area around you.
You do not regenerate.


Message History

You barely miss the gnoll.
The gnoll is lightly wounded.
The gnoll shouts!
You hit the plant.
A nearby plant withers and dies.
The gnoll barely misses you.
You hit the gnoll.
The gnoll is heavily wounded.
The gnoll completely misses you.
A gnoll sergeant opens the door.
You hit the gnoll but do no damage.
The gnoll is heavily wounded.
The gnoll hits you but does no damage.
The gnoll throws a throwing net.
The throwing net hits you.
You become entangled in the net!
You struggle against the net.
The gnoll hits you with a +0 spear!
Ouch! That really hurt!
* * * LOW HITPOINT WARNING * * *
You hear a shout!
You struggle against the net.
You hear a shout!
The gnoll hits you with a +0 spear!
You die...

#.≈≈##.#* ≈
###.≈≈#.......,..
#.#.≈≈###.##g##.
###...≈≈..#(#PgP# ≈
###...>.≈≈.##.#⌠.⌠# * *
*#.......≈≈.#©.#P.P *
#........≈≈.##.##.## **,
...#.........#.#..P#.#..≈
* #.
#........©#.g@©.+.#©.≈≈
#............#.#8⌠8#.#..≈
........≈≈.## #####, * ,
........≈≈.#,,* *
........≈≈.## ,** ≈
###.....≈≈.. ≈
......≈≈### * ** ,
......≈≈#. , .....≈≈ #


You could see a gnoll sergeant and 2 gnolls.

Vanquished Creatures (others)
  A plant (D:5)
1 creature vanquished.

Notes
Turn   | Place    | Note
-------+----------+-------------------------------------------
     0 | D:5      | BarneyGumball the Deep Dwarf Delver began the quest for the
                  | Orb.
     0 | D:5      | Reached XP level 1. HP: 20/20 MP: 1/1
    12 | D:5      | Identified the +3 ring mail of Activism {Rampage}
    12 | D:5      | Identified the +4 kite shield of the Monk {Str+2}
    12 | D:5      | Noticed a gnoll sergeant
    16 | D:5      | HP: 1/20 [gnoll/+0 spear (11)]
    17 | D:5      | Mangled by a gnoll

Illustrated notes

Levels and vault maps discovered:
D:5:      layout_cave_pools, minmay_temple_entry_butterflies, basic_altar,
          serial_park, serial_park_central [serial_park_minivault_5x5_1,
          serial_park_minivault_5x5_5], serial_park_square3
          [serial_park_minivault_5x5_1], gammafunk_ghost_gnarly_gnolls

Action                   || total
-------------------------++-------
Melee: Hand axe          ||     6
Dodge: Dodged            ||     4

Table legend: (Time is in decaauts)
 A = Elapsed time spent in this place.
 B = Non-inter-level travel time spent in this place.
 C = Inter-level travel time spent in this place.
 D = Time resting spent in this place.
 E = Time spent auto-exploring this place.
 F = Levels seen in this place.
 G = Mean time per level.
                   A        B        C        D        E       F      G
               +--------+--------+--------+--------+--------+-----+--------+
         Total |     17 |     17 |      0 |      0 |      0 |   1 |   17.0 |
       Dungeon |     17 |     17 |      0 |      0 |      0 |   1 |   17.0 |
               +--------+--------+--------+--------+--------+-----+--------+

Top non-repeatable levels by time:
     D:5: 17 daAuts
